 Dungeon Crawl Stone Soup version 0.25-a0-341-g6f074c887a (webtiles) character file.

Game seed: 571727377974877575, levelgen mode: deterministic

65 Amber the Magician (level 4, -4/37 HPs)
             Began as a Naga Wizard on Dec 30, 2019.
             Slain by a goblin
             ... wielding a +0 dagger
             ... led by Robin
              (5 damage)
             ... on level 2 of the Dungeon.
             The game lasted 00:07:14 (2328 turns).

Amber the Magician (Naga Wizard)                    Turns: 2328, Time: 00:07:15

Health: -4/37      AC:  3    Str: 10    XL:     4   Next: 13%
Magic:  7/9        EV: 10    Int: 18    God:
Gold:   73         SH:  0    Dex: 13    Spells: 2/10 levels left

rFire    . . .     SeeInvis +   g - +1 whip (elec)
rCold    . . .     Gourm    .   (no shield)
rNeg     . . .     Faith    .   a - +0 robe
rPois    +         Spirit   .   b - +0 hat
rElec    .         Reflect  .   m - +0 cloak
rCorr    .         Harm     .   (no gloves)
MR       .....                  (no barding)
Stlth    ++........             (no amulet)
HPRegen  0.12/turn              f - +3 ring of dexterity
MPRegen  0.11/turn              (no ring)

@: hasted, quick
A: large, see invisible, deformed body, poison resistance, slowness 2, slow
metabolism 1, spit poison 1, AC +1
a: Spit Poison


You were on level 2 of the Dungeon.
You were not hungry.

You visited 1 branch of the dungeon, and saw 2 of its levels.

You collected 73 gold pieces.

Inventory:

Hand Weapons
 c - a +0 short sword
 g - a +1 whip of electrocution (weapon)
 n - a +0 antimagic hand axe
Armour
 a - a +0 robe (worn)
 b - a +0 hat (worn)
 m - a +0 cloak (worn)
Jewellery
 f - a +3 ring of dexterity (left hand)
Scrolls
 h - 7 scrolls of identify {unknown}
 k - a scroll of blinking {unknown}
 l - a scroll of teleportation {unknown}
Comestibles
 d - a ration


   Skills:
 + Level 0.4 Fighting
 + Level 1.1 Maces & Flails
 * Level 1.4 Armour
 - Level 1.5 Dodging
 - Level 3.0 Stealth
 + Level 3.6 Spellcasting
 + Level 1.4 Conjurations
 + Level 1.0 Summonings
 + Level 1.0 Translocations


You had 2 spell levels left.
You knew the following spells:

 Your Spells              Type           Power        Failure   Level  Hunger
a - Magic Dart            Conj           #...         9%          1    None
b - Blink                 Tloc           N/A          16%         2    ##.....
c - Call Imp              Summ           #.......     16%         2    ##.....
d - Conjure Flame         Conj/Fire      #.......     34%         3    ###....

Your spell library contained the following spells:

 Spells                   Type           Power        Failure   Level  Hunger
 Slow                     Hex            #.......     22%         2    ##.....
 Mephitic Cloud           Conj/Pois/Air  #.......     36%         3    ###....


Dungeon Overview and Level Annotations

Branches:
Dungeon (2/15)

Altars:
Trog

Annotations:
D:2 Robin


Innate Abilities, Weirdness & Mutations

You cannot wear boots.
Your serpentine skin is tough. (AC +1)
You have supernaturally acute eyesight. (SInv)
Armour fits poorly on your strangely shaped body.
Your system is resistant to poisons. (rPois)
You cover ground very slowly.
You have a slow metabolism.
You can spit poison.


Message History

The goblin barely misses you. The goblin hits you.
* * * LOW HITPOINT WARNING * * *
Unknown command.
It was a potion of curing.
You feel better.
The goblin no longer looks unusually strong.
The goblin barely misses you. x2; The goblin hits you but does no damage.
The goblin hits you.
* * * LOW HITPOINT WARNING * * *
It was a potion of haste.
You feel yourself speed up. The goblin hits you with a +0 dagger.
* * * LOW HITPOINT WARNING * * *
The goblin hits you.
* * * LOW HITPOINT WARNING * * *
The goblin hits you.
* * * LOW HITPOINT WARNING * * *
The goblin closely misses you.
You hit the goblin.
The goblin is heavily wounded.
The goblin hits you with a +0 dagger.
You die...

.......#......)#.................
.#######......)#.........g..#...#
.#.§§................#...........
.#...................#......#....
.#......####.........#......#....
###≈≈...####.....gg..#......#....
#⌠##≈...##......gg####......#....
§≈≈#≈...##...g.ggg# #......#....
..≈#≈...##.....#@## #......#....
..≈#≈...##.....#g# ###...........
_..'...........#.###.............
..§#≈.............##......#.....#
..≈#§.............##......#.....#
≈≈≈#≈.............##......#.....#
#⌠##≈.............##.............
###≈≈#...........................
....#............................


You could see Robin and 8 goblins.

Vanquished Creatures
  An adder (D:2)
  An ooze (D:1)
  A dart slug (D:1)
  2 leopard geckos (D:1)
  2 ball pythons (D:1)
  2 giant cockroaches
  4 hobgoblins
  6 jackals (D:1)
  7 bats
  3 frilled lizards
  9 goblins
  4 kobolds (D:1)
  4 rats
46 creatures vanquished.

Notes
Turn   | Place    | Note
-------+----------+-------------------------------------------
     0 | D:1      | Amber the Naga Wizard began the quest for the Orb.
     0 | D:1      | Reached XP level 1. HP: 15/15 MP: 4/4
   336 | D:1      | Reached XP level 2. HP: 17/22 MP: 0/6
   540 | D:1      | Reached skill level 1 in Armour
   587 | D:1      | Learned a level 2 spell: Blink
   590 | D:1      | Learned a level 2 spell: Call Imp
   635 | D:1      | Reached XP level 3. HP: 23/28 MP: 4/7
  1902 | D:2      | Learned a level 3 spell: Conjure Flame
  1948 | D:2      | Reached skill level 1 in Maces & Flails
  2063 | D:2      | Reached XP level 4. HP: 37/37 MP: 4/9
  2230 | D:2      | Found a bloodstained altar of Trog.
  2297 | D:2      | Noticed Robin
  2327 | D:2      | HP: 1/37 [goblin[Robin] (1)]
  2328 | D:2      | Slain by a goblin

Levels and vault maps discovered:
D:1:      dpeg_arrival_tiny_i, layout_loops_ring,
          corexii_item_surrounded_by_moat, chequers_serial_rivers_large_a
D:2:      layout_basic, lightli_temple_of_fire, first_ration, xom_redecorated,
          uniq_robin

Skill      XL: |  1  2  3 |
---------------+----------+-----
Armour         | 1 |  1.4
Maces & Flails | 1 |  1.1
Fighting       | |  0.4
Dodging        | |  1.5
Stealth        | |  3.0
Spellcasting   | |  3.6
Conjurations   | |  1.4
Summonings     | |  1.0
Translocations | |  1.0

Action                   |  1- 3 |  4- 6 || total
-------------------------+-------+-------++-------
Melee: Whip              |    74 |    10 ||    84
 Cast: Magic Dart        |    61 |    12 ||    73
 Abil: Spit Poison       |     1 |       ||     1
  Use: Potion            |       |     2 ||     2
 Stab: Sleeping          |     5 |       ||     5
  Eat: Chunk             |     2 |     1 ||     3
Armor: Robe              |    15 |     7 ||    22
Dodge: Dodged            |    52 |    20 ||    72

Table legend:
 A = Non-vault XP
 B = Vault XP
 C = Vault XP percentage of total XP
 D = Non-vault monster count
 E = Vault monster count
 F = Vault count percentage of total count
                 A         B        C        D         E       F
            +---------+---------+-------+---------+---------+-------
      Total |      85 |       8 |   8.6 |      42 |       4 |   8.7
            +---------+---------+-------+---------+---------+-------
        D:1 |      52 |       0 |   0.0 |      28 |       0 |   0.0
        D:2 |      33 |       8 |  19.5 |      14 |       4 |  22.2
            +---------+---------+-------+---------+---------+-------
